 Dungeon Crawl Stone Soup version 0.20.1-1-g8b1a95d (webtiles) character file.

23 Giltor the Sneak (level 2, 0/13 HPs)
             Began as a Spriggan Enchanter on Aug 10, 2017.
             Succumbed to a kobold's poison
             ... on level 1 of the Dungeon.
             The game lasted 00:12:33 (910 turns).

Giltor the Sneak (Spriggan Enchanter)                Turns: 910, Time: 00:12:33

Health: 0/13       AC:  2    Str:  9    XL:     2   Next: 75%
Magic:  6/6        EV: 24    Int: 16    God:
Gold:   68         SH:  0    Dex: 21    Spells: 3/6 levels left

rFire    . . .     SeeInvis +   a - +1 dagger
rCold    . . .     Gourm    .   (shield restricted)
rNeg     . . .     Faith    .   b - +0 robe
rPois    .         Spirit   .   (helmet restricted)
rElec    .         Reflect  .   (no cloak)
rCorr    .         Harm     .   (gloves unavailable)
MR       .....                  (boots unavailable)
Stlth    ++++......             (no amulet)
Regen    0.1/turn               i - ring of wizardry
MPRegen  0.1/turn               (no ring)

@: mighty, agile, lethally poisoned (0 -> -3), very quick
A: unfitting armour, see invisible, herbivore 3, speed 3, slow metabolism 2
a: no special abilities


You were on level 1 of the Dungeon.
You were completely stuffed.

You visited 1 branch of the dungeon, and saw 2 of its levels.

You collected 68 gold pieces.

Inventory:

Hand Weapons
 a - a +1 dagger (weapon)
 o - a +0 blowgun
 p - a +1 dagger of electrocution
Missiles
 q - 18 poisoned needles
Armour
 b - a +0 robe (worn)
Jewellery
 i - a ring of wizardry (left hand)
Wands
 d - a wand of flame (21/48)
Scrolls
 f - a scroll of magic mapping
 k - 2 scrolls of teleportation
 m - a scroll of remove curse
Potions
 g - a potion of might
 h - 2 potions of degeneration
Books
 c - a book of Maledictions

   Spells                             Type                      Level
   a - Corona                         Hexes                        1
   b - Ensorcelled Hibernation        Hexes/Ice                    2
   c - Confuse                        Hexes                        3
   d - Tukima's Dance                 Hexes                        3
   e - Dazzling Spray                 Conjuration/Hexes            3


   Skills:
 - Level 2.1 Short Blades
 - Level 3.0 Dodging
 * Level 4.9 Stealth
 - Level 2.6 Spellcasting
 - Level 3.6 Hexes
 - Level 1.6 Evocations


You had 3 spell levels left.
You knew the following spells:

 Your Spells              Type           Power        Failure   Level  Hunger
a - Corona                Hex            ##.....      1%          1    #......
b - Ensorcelled Hibernat  Hex/Ice        #.....       6%          2    ##.....


Dungeon Overview and Level Annotations

Branches:
Dungeon (2/15)

Altars:


Innate Abilities, Weirdness & Mutations

You are very small and have problems with some larger weapons.
You are too small for most types of armour.
You have supernaturally acute eyesight. (SInv)
You are a herbivore.
You cover ground extremely quickly.
You need consume almost no food.


Message History

You feel agile all of a sudden.
It was a potion of magic.
Magic courses through your body.
* * * LOW HITPOINT WARNING * * *
You feel sick.
Okay, then.
You eat the royal jelly.
That royal jelly was delicious!
As you read the scroll labeled REVYRUATORR, it crumbles to dust.
It is a scroll of enchant weapon.
Your uncursed dagger of electrocution glows red for a moment.
* * * LOW HITPOINT WARNING * * *
You feel sick.
You feel very mighty all of a sudden.
There is a lethal amount of poison in your body!
There is a lethal amount of poison in your body!
You see here a poisoned needle.
* * * LOW HITPOINT WARNING * * *
You feel sick.
* * * LOW HITPOINT WARNING * * *
You feel sick.
You die...

####### #.....# #.....# #.....#
#....)# #####.....#
####.........#
##################....###.....#
................@..######.....#
###################....##.....#
#........# #....########
#........# #....#.....####
#........### #....#.........
#..........## #....#.........
#........#..####
#....##########
##.#######.....####....## ###
##.# #.###..........#######..


There were no monsters in sight!

Vanquished Creatures
  An adder (D:2)
  A leopard gecko (D:1)
  A bat (D:2)
  2 goblins (D:1)
  2 hobgoblins (D:1)
  2 ball pythons (D:1)
  2 frilled lizards (D:1)
  3 kobolds
  A rat (D:1)
15 creatures vanquished.

Notes
Turn   | Place    | Note
-------+----------+-------------------------------------------
     0 | D:1      | Giltor the Spriggan Enchanter began the quest for the Orb.
     0 | D:1      | Reached XP level 1. HP: 9/9 MP: 5/5
   276 | D:1      | Reached XP level 2. HP: 13/13 MP: 6/6
   287 | D:1      | Learned a level 2 spell: Ensorcelled Hibernation
   778 | D:2      | Reached skill level 1 in Evocations
   910 | D:1      | Succumbed to a kobold's poison

Skill      XL: |  1  2 |
---------------+-------+-----
Short Blades   | 2 |  2.1
Evocations     | 1 |  1.6
Dodging        | |  3.0
Stealth        | |  4.9
Spellcasting   | |  2.6
Hexes          | |  3.6

Action                   || total
-------------------------++-------
Melee: Dagger            ||    27
 Cast: Corona            ||     3
       Ensorcelled Hiber ||    10
  Use: Scroll            ||     6
       Potion            ||     3
 Stab: Sleeping          ||    11
  Eat: Bread ration      ||     1
       Royal jelly       ||     1
Armor: Robe              ||     3
Dodge: Dodged            ||     8
